AoeStats
← DYN_BenderGC

Arabia

510547158Analyzed
1v1 RM · 1d ago on Oct 1, 2026· 14m 56s· 2 players
Game mode
Random Map
Map size
Tiny (2 player)
Population
200
Speed
Normal
Resources
Standard
Victory
Conquest
Starting age
Dark Age
Ending age
Imperial Age
RankedLock teamsTeams togetherTeam positionsShared explorationLock speedFull tech treeHidden civsTurbo modeCheats
Victory
Defeat
🇵🇪 Wu · Peru
1618
+13
🇩🇪 Saracens · Germany
1543
-13
Lil Jon
3:14 Loom
9:46 Feudal Age
10:20 Double-Bit Axe
10:17 Horse Collar
DYN_BenderGC
8:12 Loom
10:10 Feudal Age
11:22 Double-Bit Axe
13:04 Fletching
Connection lost

Rejoining the realm…

Still unreachable

The connection could not be restored.

Session expired

The server has moved on; the page needs a fresh start.